 Dungeon Crawl Stone Soup version 0.20.1-1-g8b1a95d (console) character file.

1865 hilaritas the Carver (level 9, -5/71 HPs)
             Began as a Human Berserker on Feb 9, 2018.
             Was an Elder of Trog.
             Splashed by a jelly's acid (9 damage)
             ... on level 7 of the Dungeon.
             The game lasted 00:16:34 (6447 turns).

hilaritas the Carver (Human Berserker)              Turns: 6447, Time: 00:16:35

Health: -5/71      AC: 11    Str: 21    XL:     9   Next: 35%
Magic:  9/9        EV:  9    Int:  7    God:    Trog [****..]
Gold:   343        SH:  0    Dex: 17    Spells: 8/8 levels left

rFire    . . .     SeeInvis .   j - +0 falchion (elec)
rCold    + . .     Gourm    .   (no shield)
rNeg     . . .     Faith    .   o - +0 chain mail {rC+}
rPois    .         Spirit   .   (no helmet)
rElec    .         Reflect  .   i - +0 cloak
rCorr    .         Harm     .   (no gloves)
MR       ++...                  v - +0 pair of boots
Stlth    ..........             (no amulet)
Regen    1.3/turn               b - +4 ring of dexterity
MPRegen  0.2/turn               (no ring)

@: barbed spikes, regenerating
A: no striking features
a: Berserk, Trog's Hand, Brothers in Arms, Burn Spellbooks, Renounce Religion


You were on level 7 of the Dungeon.
You worshipped Trog.
Trog was greatly pleased with you.
You were near starving.

You visited 1 branch of the dungeon, and saw 7 of its levels.

You collected 343 gold pieces.

Inventory:

Hand Weapons
 a - a +0 falchion of slicing
 j - a +0 falchion of electrocution (weapon)
 n - a +2 dagger of venom
Armour
 i - a +0 cloak (worn)
 o - a +0 chain mail of cold resistance (worn)
 v - a +0 pair of boots (worn)
Jewellery
 b - a +4 ring of dexterity (left hand)
 y - an uncursed ring of ice
Wands
 f - a wand of confusion (37/48)
 m - a wand of confusion (15/48)
 x - a wand of disintegration (9/24)
Scrolls
 e - 4 scrolls of remove curse
 g - 2 scrolls of enchant armour
 q - a scroll of teleportation
 r - a scroll of recharging
 u - a scroll of identify
Potions
 h - 2 potions of mutation
 k - 4 potions of curing
 l - a potion of lignification
 p - a potion of heal wounds
 w - a potion of haste
 z - a potion of ambrosia
Comestibles
 c - 4 bread rations
 d - a meat ration
 s - a royal jelly


   Skills:
 * Level 6.5 Fighting
 - Level 10.0 Long Blades
 + Level 3.5 Armour
 - Level 2.0 Dodging


You had 8 spell levels left.
You didn't know any spells.

Dungeon Overview and Level Annotations

Branches:
Dungeon (7/15)
 Temple: D:4-7

Altars:
Dithmenos
Hepliaklqana
Okawaru
Qazlal
Trog
Vehumet
The Shining One


Message History

You hit the manticore but do no damage.
The manticore is heavily wounded.
The manticore barely misses you. The manticore claws you!
* * * LOW HITPOINT WARNING * * *
The manticore claws you but does no damage.
You hit the manticore but do no damage.
Lightning courses through the manticore!
The manticore is severely wounded.
The jelly barely misses you. The manticore bites you!
* * * LOW HITPOINT WARNING * * *
The manticore barely misses you.
The manticore claws you but does no damage.
Okay, then.
You're too hungry.
You hit the manticore.
The manticore is severely wounded.
The jelly hits you.
* * * LOW HITPOINT WARNING * * *
You are splashed with acid!
The acid burns!
You die...

####### ## #.....#
./. #.....# ....
#.....##....
####..........
............ #...JH#
#.†.@.# #.....#
.####.....#
#.>.....=..# #####
....###....#####...#
###....#?#..##...###
####...##.#..###
###.##....#####
#.........(>.#
...#####.##..## ###
.## #.###[# ####..


You could see a manticore and a jelly.

Vanquished Creatures
  Joseph (D:7)
  Duvessa (D:6)
  A black bear (D:5)
  A centaur (D:7)
  Blork the orc (D:6)
  A scorpion (D:4)
  Dowan (D:6)
  2 crimson imps (D:5)
  2 bullfrog zombies (D:7)
  A jelly (D:7)
  An orc wizard (D:3)
  2 centaur skeletons
  An orc priest (D:3)
  4 hounds
  Crazy Yiuf (D:4)
  A bullfrog skeleton (D:5)
  Jessica (D:3)
  2 iguanas (D:4)
  8 worker ants
  Ijyb (D:5)
  6 gnolls
  A howler monkey skeleton (D:7)
  12 adders
  2 shadow imps
  An ooze (D:2)
  2 adder skeletons
  3 worms
  3 dart slugs
  9 leopard geckos
  11 orcs
  2 ball pythons
  9 bats
  2 giant cockroaches
  12 goblins
  15 hobgoblins
  5 jackals
  6 quokkas
  5 frilled lizards
  12 kobolds
  11 rats
163 creatures vanquished.

Vanquished Creatures (others)
  A plant (D:3)
1 creature vanquished.

Grand Total: 164 creatures vanquished

Notes
Turn   | Place    | Note
-------+----------+-------------------------------------------
     0 | D:1      | hilaritas the Human Berserker began the quest for the Orb.
     0 | D:1      | Reached XP level 1. HP: 18/18 MP: 1/1
   224 | D:1      | Reached XP level 2. HP: 11/24 MP: 2/2
   806 | D:1      | Reached XP level 3. HP: 29/29 MP: 3/3
  1111 | D:1      | Reached skill level 4 in Long Blades
  1205 | D:2      | Found a bloodstained altar of Trog.
  1244 | D:2      | Reached ** piety under Trog
  1261 | D:2      | Reached XP level 4. HP: 34/35 MP: 4/4
  1278 | D:2      | Found a stormy altar of Qazlal.
  1694 | D:2      | Reached XP level 5. HP: 40/42 MP: 5/5
  1820 | D:2      | Reached skill level 5 in Long Blades
  2537 | D:3      | Reached *** piety under Trog
  2624 | D:3      | Noticed Jessica
  2633 | D:3      | Killed Jessica
  2633 | D:3      | Reached XP level 6. HP: 36/48 MP: 6/6
  2664 | D:3      | Reached skill level 6 in Long Blades
  3592 | D:4      | Reached XP level 7. HP: 55/55 MP: 7/7
  3663 | D:4      | Reached skill level 7 in Long Blades
  3768 | D:4      | Reached **** piety under Trog
  3821 | D:4      | Found a glowing golden altar of the Shining One.
  4017 | D:4      | Found a runed door.
  4125 | D:4      | Noticed Crazy Yiuf
  4131 | D:4      | Killed Crazy Yiuf
  4169 | D:5      | Entered Level 5 of the Dungeon
  4195 | D:5      | Noticed Ijyb
  4207 | D:5      | Killed Ijyb
  4383 | D:5      | Found an iron altar of Okawaru.
  4398 | D:5      | Reached XP level 8. HP: 58/61 MP: 8/8
  4414 | D:5      | Reached skill level 8 in Long Blades
  5120 | D:5      | Reached skill level 5 in Fighting
  5448 | D:6      | Noticed Duvessa
  5448 | D:6      | Noticed Dowan
  5458 | D:6      | Killed Dowan
  5458 | D:6      | Reached skill level 9 in Long Blades
  5461 | D:6      | Killed Duvessa
  5534 | D:6      | Noticed Blork the orc
  5540 | D:6      | Killed Blork the orc
  5854 | D:6      | Found a shadowy altar of Dithmenos.
  5878 | D:6      | Found a radiant altar of Vehumet.
  5878 | D:6      | Found a hazy altar of Hepliaklqana.
  6030 | D:7      | Reached XP level 9. HP: 59/68 MP: 9/9
  6080 | D:7      | Reached skill level 10 in Long Blades
  6215 | D:7      | Noticed Joseph
  6228 | D:7      | Killed Joseph
  6433 | D:7      | Noticed a manticore
  6446 | D:7      | HP: 5/71 [manticore (10)]
  6447 | D:7      | Splashed by a jelly's acid

Skill      XL: |  1  2  3  4  5  6  7  8  9 |
---------------+----------------------------+-----
Long Blades    | 4 5 6 7 9 10 | 10.0
Fighting       | 4 5 6 |  6.5
Armour         | 3 |  3.5
Dodging        | |  2.0

Action                   |  1- 3 |  4- 6 |  7- 9 || total
-------------------------+-------+-------+-------++-------
Melee: Falchion          |    88 |   275 |   208 ||   571
Invok: Trog's Hand       |       |     1 |     2 ||     3
       Berserk           |       |     1 |     1 ||     2
  Use: Scroll            |     3 |     7 |    10 ||    20
  Eat: Chunk             |     1 |    10 |     6 ||    17
       Royal jelly       |       |       |     1 ||     1
       Fruit             |       |       |     1 ||     1
Armor: Chain mail        |    46 |   146 |   109 ||   301
Dodge: Dodged            |    34 |   126 |    82 ||   242
       Rpst.: Falchion   |     9 |    50 |    20 ||    79
